AoeStats
← taintslurper

Arena

504834501Analyzed
3v3 RM · 24d ago on Sep 6, 2026· 60m 42s· 6 players
Game mode
Random Map
Map size
Normal (6 player)
Population
200
Speed
Normal
Resources
Standard
Victory
Conquest
Starting age
Dark Age
Ending age
Imperial Age
RankedLock teamsTeams togetherTeam positionsShared explorationLock speedFull tech treeHidden civsTurbo modeCheats
Victory
Defeat
🇺🇸 Mongols · United States
962
+44
🇺🇦 Cumans · Ukraine
942
+16
🇩🇪 Inca · Germany
933
+17
🇨🇴 Portuguese · Colombia
1090
-21
🇧🇷 Malay · Brazil
1011
-19
🇵🇪 Persians · Peru
748
-8
taintslurper
10:56 Feudal Age
11:53 Double-Bit Axe
11:51 Horse Collar
13:10 Wheelbarrow
17:00 Castle Age
15:13 Gold Mining
17:56 Bow Saw
17:51 Heavy Plow
20:48 Hand Cart
22:09 Husbandry
23:44 Bloodlines
22:55 Light Cavalry
26:01 Ballistics
26:25 Gold Shaft Mining
26:59 Thumb Ring
27:12 Stone Mining
29:24 Fortified Wall
30:13 Fletching
30:25 Padded Archer Armor
30:38 Forging
30:34 Scale Barding Armor
34:47 Imperial Age
33:03 Stone Shaft Mining
32:54 Leather Archer Armor
33:14 Bodkin Arrow
33:56 Iron Casting
34:15 Chain Barding Armor
35:15 Caravan
35:57 Bracer
36:57 Blast Furnace
37:06 Chemistry
36:12 Siege Engineers
36:35 Conscription
36:51 Drill
36:38 Hussar
37:54 Capped Ram
39:29 Siege Ram
40:25 Town Watch
40:27 Loom
40:09 Elite Mangudai
40:51 Nomads
41:30 Parthian Tactics
42:26 Town Patrol
42:35 Onager
45:43 Heavy Cavalry Archer
46:48 Siege Onager
49:09 Heavy Scorpion
Shark
10:29 Feudal Age
12:37 Double-Bit Axe
15:05 Castle Age
13:52 Horse Collar
16:17 Bow Saw
22:00 Wheelbarrow
21:12 Town Watch
22:19 Heavy Plow
23:11 Hand Cart
23:10 Town Patrol
23:25 Loom
25:51 Stone Mining
29:03 Imperial Age
27:48 Gold Mining
28:37 Stone Shaft Mining
28:08 Treadmill Crane
29:50 Masonry
30:26 Squires
29:46 Pikeman
30:32 Scale Mail Armor
31:22 Crop Rotation
31:47 Onager
32:11 Halberdier
32:16 Elite Skirmisher
33:15 Chain Mail Armor
35:20 Conscription
39:19 Plate Mail Armor
38:59 Forging
40:27 Hoardings
39:12 Elite Kamayuk
40:02 Siege Engineers
41:26 Iron Casting
42:19 Chemistry
41:39 Ballistics
41:31 Fortified Wall
41:16 Murder Holes
46:39 Blast Furnace
46:06 Fletching
46:16 Padded Archer Armor
47:34 Fabric Shields
48:10 Bodkin Arrow
48:31 Caravan
48:45 Arson
51:14 Ballistics
50:44 Guard Tower
54:58 Andean Sling
55:05 Andean Sling
55:12 Andean Sling
55:14 Bracer
55:31 Leather Archer Armor
55:53 Keep
SharanamGanesha
10:30 Feudal Age
11:11 Double-Bit Axe
11:09 Horse Collar
17:59 Bloodlines
19:35 Scale Barding Armor
20:34 Forging
25:25 Castle Age
25:42 Wheelbarrow
25:02 Gold Mining
26:50 Fletching
27:21 Chain Barding Armor
26:28 Light Cavalry
28:06 Capped Ram
31:39 Bodkin Arrow
33:16 Bow Saw
33:59 Iron Casting
34:04 Heavy Plow
36:38 Loom
41:46 Steppe Husbandry
54:47 Elite Skirmisher
57:16 Padded Archer Armor
RYAN
14:03 Feudal Age
16:06 Double-Bit Axe
16:05 Horse Collar
17:26 Stone Mining
20:59 Gold Mining
25:40 Castle Age
31:11 Bow Saw
31:11 Heavy Plow
36:47 Imperial Age
36:41 Loom
38:24 Crop Rotation
42:03 Gold Shaft Mining
42:04 Stone Shaft Mining
46:30 Crossbowman
47:16 Thumb Ring
50:08 Siphons
Cassadiego
3:28 Loom
4:48 Loom
5:25 Loom
11:14 Feudal Age
11:56 Double-Bit Axe
18:28 Castle Age
16:38 Man-at-Arms
18:30 Forging
19:10 Gambesons
23:55 Crossbowman
28:24 Padded Archer Armor
28:23 Gold Mining
30:21 Horse Collar
31:24 Heavy Plow
31:45 Bow Saw
33:28 Wheelbarrow
35:14 Thumb Ring
36:12 Hand Cart
39:08 Imperial Age
37:50 Ballistics
37:04 Long Swordsman
40:49 Chemistry
43:42 Two-Man Saw
50:57 Pikeman
50:58 Two-Handed Swordsman
Child of Light
12:10 Feudal Age
13:12 Wheelbarrow
15:37 Castle Age
13:56 Double-Bit Axe
14:21 Horse Collar
15:46 Bow Saw
16:40 Heavy Plow
17:29 Gold Mining
18:27 Stone Mining
21:32 Man-at-Arms
22:54 Loom
24:26 Pikeman
29:24 Forging
29:18 Squires
29:04 Arson
30:38 Iron Casting
31:38 Gold Shaft Mining
37:48 Imperial Age
35:39 Fletching
37:41 Guilds
37:04 Elite Karambit Warrior
39:44 Hand Cart
41:58 Blast Furnace
40:54 Bodkin Arrow
41:13 Masonry
41:24 Ballistics
42:55 Bracer
42:48 Halberdier
45:08 Heavy Scorpion
48:33 Chemistry
48:06 Forced Levy
48:42 Long Swordsman
50:28 Two-Handed Swordsman
55:28 Siege Engineers
Connection lost

Rejoining the realm…

Still unreachable

The connection could not be restored.

Session expired

The server has moved on; the page needs a fresh start.